 Dungeon Crawl Stone Soup version 0.23-a0-639-ga9a3373214 (webtiles) character file.

336 HereIgoKillingAgain the Cleaver (level 6, -4/51 HPs)
             Began as a Hill Orc Fighter on Dec 29, 2018.
             Was an Initiate of the Shining One.
             Asphyxiated
             ... on level 3 of the Dungeon.
             The game lasted 00:02:31 (2366 turns).

HereIgoKillingAgain the Cleaver (Hill Orc Fighter)  Turns: 2366, Time: 00:02:32

Health: -4/51      AC:  7    Str: 24    XL:     6   Next: 54%
Magic:  6/6        EV:  7    Int: 10    God:    the Shining One [......]
Gold:   125        SH:  9    Dex: 10    Spells: 5/5 levels left

rFire    . . .     SeeInvis +   a - +0 war axe
rCold    . . .     Gourm    .   c - +0 shield
rNeg     . . .     Faith    .   b - +0 scale mail
rPois    .         Spirit   .   (no helmet)
rElec    .         Reflect  .   (no cloak)
rCorr    .         Harm     .   (no gloves)
MR       .....                  u - +0 pair of boots
Stlth    ..........             (no amulet)
HPRegen  0.17/turn              s - ring of see invisible
MPRegen  0.10/turn              (no ring)

@: mighty, lethally poisoned (-4 -> -13), slowed, glowing, drained, very slow
A: no striking features
a: Renounce Religion


You were on level 3 of the Dungeon.
You worshipped the Shining One.
The Shining One was noncommittal.
You were very hungry.

You visited 1 branch of the dungeon, and saw 3 of its levels.

You collected 125 gold pieces.

Inventory:

Hand Weapons
 a - a +0 war axe (weapon)
Armour
 b - a +0 scale mail (worn)
 c - a +0 shield (worn)
 u - a +0 pair of boots (worn)
Jewellery
 s - a ring of see invisible (left hand)
Scrolls
 e - a scroll of random uselessness {unknown}
 g - 8 scrolls of identify {unknown}
 i - a scroll of fear {unknown}
 j - a scroll of enchant armour {unknown}
 k - a scroll of immolation {unknown}
 n - a scroll of enchant weapon {unknown}
 o - a scroll of remove curse {unknown}
 p - a scroll of amnesia {unknown}
 q - a scroll of teleportation {unknown}
 r - a scroll of magic mapping {unknown}
Potions
 l - a potion of heal wounds {unknown}
 m - 2 potions of lignification {unknown}
 t - a potion of brilliance {unknown}
Comestibles
 f - 5 rations


   Skills:
 - Level 3.6(3.4) Fighting
 + Level 8.9(8.7) Axes
 - Level 3.2(3.0) Armour
 - Level 3.2(3.0) Shields


You had 5 spell levels left.
You didn't know any spells.
Your spell library was empty.

Dungeon Overview and Level Annotations

Branches:
Dungeon (3/15)

Altars:
Qazlal
Xom
The Shining One

Annotations:
D:3 levstk's ghost, weakling SpAK


Message History

You miss levstk's ghost.
Levstk's ghost is heavily damaged.
You closely miss the kobold. You block levstk's ghost's attack.
The kobold misses you.
The big kobold shoots a curare-tipped needle.
The curare-tipped needle hits you.
You are poisoned.
You have difficulty breathing.
* * * LOW HITPOINT WARNING * * *
You feel yourself slow down.
You feel better. Levstk's ghost hits you.
* * * LOW HITPOINT WARNING * * *
Levstk's ghost freezes you.
* * * LOW HITPOINT WARNING * * *
You block the kobold's attack. You block levstk's ghost's attack.
The big kobold shoots a curare-tipped needle.
The curare-tipped needle hits you.
You are lethally poisoned!
You have difficulty breathing.
You die...

#.#.........##.....##.#.# ### #.#
............##.#.#.##...#######.#
#.#>....................'.._..+..
...#.....##..#.#.#.##...###.###..
#.##.........#.....##...# #.# #..
#......#########.####...###'###..
#.####.#####..##.####............
#.# ###≈⌠≈##..K)WK..............
#.# #.....#)##@####.###.#####.#
#.# #..###.'.##..# #...........#
#.####?.....'KK##.# #####.#######
#....#..###.'KK##.#######.#
#..####.....#KKW........#.# #..#
###≈⌠≈##.###K#####.#.# #..#
#.#####..###.####....# #..#
#.###.#.###..........#
...###(##.###.##..####....#


You could see a big kobold, levstk's ghost and 2 kobolds.

Vanquished Creatures
  A big kobold (D:3)
  An orc priest (D:3)
  Jessica (D:3)
  Terence (D:2)
  2 orc wizards (D:3)
  4 adders (D:3)
  2 leopard geckos
  5 orcs (D:3)
  8 bats
  5 giant cockroaches
  8 goblins
  9 hobgoblins
  6 jackals (D:2)
  7 kobolds
  3 quokkas
  A ball python (D:3)
  3 frilled lizards
  10 rats
77 creatures vanquished.

Vanquished Creatures (others)
  An orc wizard (D:3)
  A fungus (D:3)
  3 plants (D:3)
5 creatures vanquished.

Grand Total: 82 creatures vanquished

Notes
Turn   | Place    | Note
-------+----------+-------------------------------------------
     0 | D:1      | HereIgoKillingAgain the Hill Orc Fighter began the quest
                  | for the Orb.
     0 | D:1      | Reached XP level 1. HP: 19/19 MP: 1/1
    13 | D:1      | Reached skill level 3 in Axes
   121 | D:1      | Reached XP level 2. HP: 22/26 MP: 2/2
   330 | D:1      | Reached skill level 4 in Axes
   594 | D:1      | Reached XP level 3. HP: 30/31 MP: 3/3
  1056 | D:2      | Noticed Terence
  1060 | D:2      | Killed Terence
  1060 | D:2      | Reached skill level 5 in Axes
  1060 | D:2      | Reached XP level 4. HP: 38/39 MP: 4/4
  1276 | D:2      | Found a stormy altar of Qazlal.
  1373 | D:2      | Found a shimmering altar of Xom.
  1412 | D:2      | Reached skill level 6 in Axes
  1599 | D:3      | Noticed a big kobold
  1599 | D:3      | Identified the +3 whip "Kineown" {drain, rC++ MR+ Int-5
                  | Dex+3}
  1599 | D:3      | Noticed a big kobold
  1600 | D:3      | Found a runed gate.
  1602 | D:3      | Found a runed gate.
  1602 | D:3      | Found a runed gate.
  1611 | D:3      | Noticed levstk's ghost (weakling SpAK)
  1755 | D:3      | Reached XP level 5. HP: 45/45 MP: 5/5
  1766 | D:3      | Reached skill level 7 in Axes
  1870 | D:3      | Reached skill level 8 in Axes
  1966 | D:3      | Noticed Jessica
  1971 | D:3      | Killed Jessica
  1971 | D:3      | Reached XP level 6. HP: 51/51 MP: 6/6
  2245 | D:3      | Found a glowing golden altar of the Shining One.
  2325 | D:3      | Became a worshipper of the Shining One
  2365 | D:3      | HP: 2/51 [asphyx]
  2366 | D:3      | Asphyxiated

Vault maps used:
D:1:      dpeg_arrival_ratfight, skrybe_limestone_x
D:2:      old_standard_altar, nicolae_overflow_hidden_temple, uniq_terence
D:3:      lemuel_doored_altar, gammafunk_ghost_nasty_kobolds, uniq_jessica

Skill      XL: |  1  2  3  4  5 |
---------------+----------------+-----
Axes           | 3 4 5 6 8 |  8.9
Fighting       | |  3.6
Armour         | |  3.2
Shields        | |  3.2

Action                   |  1- 3 |  4- 6 || total
-------------------------+-------+-------++-------
Melee: War axe           |    72 |   151 ||   223
  Use: Potion            |       |     3 ||     3
  Eat: Chunk             |       |     4 ||     4
Armor: Scale mail        |    40 |    75 ||   115
Dodge: Dodged            |    22 |    48 ||    70
Block: Shield            |    38 |    79 ||   117

Table legend:
 A = Non-vault XP
 B = Vault XP
 C = Vault XP percentage of total XP
 D = Non-vault monster count
 E = Vault monster count
 F = Vault count percentage of total count
                 A         B        C        D         E       F
            +---------+---------+-------+---------+---------+-------
      Total |     303 |     178 |  37.0 |      67 |      11 |  14.1
            +---------+---------+-------+---------+---------+-------
        D:1 |      36 |       5 |  12.2 |      21 |       5 |  19.2
        D:2 |      35 |      36 |  50.7 |      21 |       1 |   4.5
        D:3 |     232 |     137 |  37.1 |      25 |       5 |  16.7
            +---------+---------+-------+---------+---------+-------
